 Dungeon Crawl Stone Soup version 0.29.0-4-gdea44cf6ec (webtiles) character file.

Game seed: 1453140667990283362

198 qw the Chopper (level 5, -2/30 HPs)
             Began as a Tengu Warper on Aug 28, 2022.
             Slain by Sigmund
             ... wielding a +0 scythe
              (7 damage)
             ... on level 4 of the Dungeon.
             The game lasted 00:00:20 (2634 turns).

qw the Chopper (Tengu Warper)                       Turns: 2634, Time: 00:00:20

Health: -2/30      AC:  6    Str: 14    XL:     5   Next: 77%
Magic:  9/9        EV: 11    Int: 13    God:
Gold:   104        SH:  0    Dex: 13    Spells: 8/8 levels left

rFire   . . .      SeeInvis .   Y - +3 war axe (flame)
rCold   . . .      Faith    .   (no shield)
rNeg    . . .      Spirit   .   i - +0 scale mail
rPois   .          Reflect  .   (helmet restricted)
rElec   .          Harm     .   (no cloak)
rCorr   .          Rampage  .   (no gloves)
Will    .....                   (boots unavailable)
Stlth   ..........              h - amulet of the acrobat
HPRegen 0.10/turn               (no ring)
MPRegen 0.11/turn               (no ring)

@: flying quickly and evasively, quick
A: beak, talons 3, nimble flight
a: no special abilities


You were on level 4 of the Dungeon.
You visited 1 branch of the dungeon, and saw 4 of its levels.

You collected 104 gold pieces.


Innate Abilities, Weirdness & Mutations

You have a beak for a mouth.
You have claws for feet.
Your magical nature lets you fly swiftly and evasively.


   Skills:
 - Level 2.0 Fighting
 + Level 6.4 Axes
 - Level 1.0 Throwing
 - Level 1.1 Armour
 - Level 2.1 Dodging
 - Level 2.0 Spellcasting
 - Level 2.4 Translocations


You had 8 spell levels left.
You didn't know any spells.
Your spell library contained the following spells:

 Spells                   Type           Power      Damage    Failure   Level
 Blink                    Tloc           14%        N/A       54%         2
 Gell's Gravitas          Tloc           7%         N/A       77%         3
 Lesser Beckoning         Tloc           7%         N/A       77%         3
 Teleport Other           Tloc           7%         N/A       77%         3
 Manifold Assault         Tloc           7%         N/A       100%        5

Inventory:

Hand Weapons
 Y - a +3 war axe of flaming (weapon)
Armour
 i - a +0 scale mail (worn)
Jewellery
 h - an amulet of the acrobat (around neck)
Scrolls
 a - a scroll of teleportation
 c - a scroll of identify
 f - a scroll of fog {unknown}
 g - a scroll of enchant armour
Potions
 b - a potion of heal wounds {unknown}
 d - a potion of magic {unknown}
 e - 2 potions of curing
 j - a potion of might {unknown}
 k - a potion of resistance {unknown}
 l - a potion of lignification {unknown}

Dungeon Overview and Level Annotations

Branches:
Dungeon (4/15)
 Temple: D:4-7

Altars:
Gozag

Annotations:
D:4 Sigmund


Message History

2596 ||| READING scroll of enchant weapon.
As you read the scroll of enchant weapon, it crumbles to dust.
Your +2 war axe of flaming glows red for a moment.
2596 ||| ENCHANTING +2 war axe of flaming.
Sigmund the Dreaded comes into view.
He is wielding a +0 scythe, wearing a +2 robe of willpower and carrying a wand of digging (6).
Sigmund shouts!
Sigmund points at you and mumbles some strange words.
The magic dart hits you.
Enter note:
2615 ||| FLEEEEING.
You hear a zap.
You hear a grinding noise.
Sigmund hits you from afar with a +0 scythe.
You slash Sigmund! You burn Sigmund. You claw Sigmund.
Sigmund is heavily wounded.
Sigmund barely misses you.
You barely miss Sigmund. You claw Sigmund, but do no damage.
Your peck misses Sigmund.
Sigmund is heavily wounded.
Sigmund casts a spell.
Sigmund flickers and vanishes!
Deactivating autopickup; reactivate with Ctrl-A.
Something closely misses you.
You swing at nothing.
You swing at nothing.
Something hits you but does no damage.
You swing at nothing.
Something hits you.
You swing at nothing.
Something hits you but does no damage.
You swing at nothing.
You swing at nothing.
Something hits you.
You swing at nothing.
Something hits you.
You swing at nothing.
Something hits you!
You swing at nothing.
You swing at nothing.
Something hits you!
You die...

### .. ... .# # ....
##.# . ... ##..# #
#. ... ###.#.#.#.##
#.#.# #.#
#.@.........
.....##.#
#.###.#.#.#.
......#.##..###.#.#
................# #
......#..##.#####
......#.##..#####.##
...............>...#
......#.#..........#
......#.#..........#


There were no monsters in sight!

Vanquished Creatures
  An orc priest (D:4)
  A hound (D:4)
  Terence (D:2)
  Robin (D:2)
  3 adders (D:2)
  A dart slug (D:3)
  4 orcs
  2 bats
  6 endoplasms
  A giant cockroach (D:2)
  15 goblins
  11 hobgoblins
  2 jackals (D:1)
  5 ball pythons
  3 frilled lizards
  4 kobolds
  6 rats
67 creatures vanquished.

Notes
Turn   | Place    | Note
-------+----------+-------------------------------------------
     0 | D:1      | qw the Tengu Warper began the quest for the Orb.
     0 | D:1      | Reached XP level 1. HP: 12/12 MP: 4/4
     0 | D:1      | 0 ||| qw: Version: 0.1-a-89-g26bdef1
     0 | D:1      | 0 ||| qw: Game counter: 1978
     0 | D:1      | 0 ||| qw: Always use a shield: true
     0 | D:1      | 0 ||| qw: God list: Okawaru
     0 | D:1      | 0 ||| qw: Allow faded altars: false
     0 | D:1      | 0 ||| qw: Do Orc after D:15 true
     0 | D:1      | 0 ||| qw: Do second Lair branch before Depths: true
     0 | D:1      | 0 ||| qw: Lair rune preference: random
     0 | D:1      | 0 ||| qw: Plans: Normal
     0 | D:1      | 0 ||| PLANNING D:1-11
    33 | D:1      | 33 ||| Stepping ~*~*~tactically~*~*~ (stealth).
    94 | D:1      | Reached XP level 2. HP: 8/17 MP: 6/6
    96 | D:1      | Reached skill level 3 in Axes
   426 | D:1      | 426 ||| SWAPPING to +1 war axe of flaming.
   427 | D:1      | 427 ||| DROPPING +0 hand axe.
   428 | D:1      | 428 ||| DROPPING +0 club.
   606 | D:1      | Found a faded altar of an unknown god.
   628 | D:1      | 628 ||| Stepping ~*~*~tactically~*~*~ (stealth).
   707 | D:1      | 707 ||| UPGRADING to +0 ring mail.
   784 | D:1      | 784 ||| DROPPING +0 leather armour.
   785 | D:1      | 785 ||| READING scroll labelled RATADI NUTAAGO.
   786 | D:1      | 786 ||| READING scroll labelled GEDOEH VYOPH.
   787 | D:1      | 787 ||| DROPPING scroll of blinking.
   799 | D:2      | 799 ||| STAIRDANCE
   806 | D:2      | Reached skill level 4 in Axes
   806 | D:2      | Reached XP level 3. HP: 13/21 MP: 7/7
   809 | D:2      | 809 ||| STAIRDANCE
  1033 | D:2      | Identified the +7 sling "Otafargh" {vorpal, MP+9 Int+4}
  1036 | D:2      | 1036 ||| Stepping ~*~*~tactically~*~*~ (stealth).
  1038 | D:2      | 1038 ||| Stepping ~*~*~tactically~*~*~ (stealth).
  1184 | D:2      | Noticed Terence
  1192 | D:2      | Killed Terence
  1193 | D:2      | Reached XP level 4. HP: 26/26 MP: 8/8
  1258 | D:2      | Reached skill level 5 in Axes
  1259 | D:2      | Noticed Robin
  1262 | D:2      | 1262 ||| FLEEEEING.
  1264 | D:2      | 1264 ||| FLEEEEING.
  1265 | D:2      | 1265 ||| FLEEEEING.
  1266 | D:2      | 1266 ||| FLEEEEING.
  1267 | D:2      | 1267 ||| FLEEEEING.
  1268 | D:2      | 1268 ||| Stepping ~*~*~tactically~*~*~ (hiding).
  1276 | D:2      | Killed Robin
  1281 | D:2      | 1281 ||| FLEEEEING.
  1282 | D:2      | 1282 ||| FLEEEEING.
  1283 | D:2      | 1283 ||| FLEEEEING.
  1284 | D:2      | 1284 ||| FLEEEEING.
  1285 | D:2      | 1285 ||| FLEEEEING.
  1287 | D:2      | 1287 ||| FLEEEEING.
  1288 | D:2      | 1288 ||| FLEEEEING.
  1289 | D:2      | 1289 ||| FLEEEEING.
  1290 | D:2      | 1290 ||| FLEEEEING.
  1291 | D:2      | 1291 ||| FLEEEEING.
  1292 | D:2      | 1292 ||| FLEEEEING.
  1293 | D:2      | 1293 ||| FLEEEEING.
  1294 | D:2      | 1294 ||| FLEEEEING.
  1295 | D:2      | 1295 ||| STAIRDANCE
  1352 | D:1      | 1352 ||| UPGRADING to +0 scale mail.
  1362 | D:1      | 1362 ||| DROPPING +0 ring mail.
  1363 | D:1      | 1363 ||| UPGRADING to amulet of the acrobat.
  1368 | D:1      | 1368 ||| READING scroll labelled YCUILUTAKU.
  1369 | D:1      | 1369 ||| READING scroll labelled OSSIATELEI.
  1370 | D:1      | 1370 ||| READING scroll labelled EPHUIS HABAEPP.
  1375 | D:1      | 1375 ||| DRINKING 3 emerald potions.
  1473 | D:2      | 1473 ||| Stepping ~*~*~tactically~*~*~ (stealth).
  1575 | D:3      | 1575 ||| STAIRDANCE
  1580 | D:3      | 1580 ||| STAIRDANCE
  1586 | D:2      | Gained mutation: Your magical nature lets you fly swiftly
                  | and evasively. [Tengu growth]
  1586 | D:2      | Reached XP level 5. HP: 22/30 MP: 9/9
  1708 | D:3      | 1708 ||| STAIRDANCE
  1836 | D:3      | 1836 ||| Stepping ~*~*~tactically~*~*~ (hiding).
  2256 | D:3      | 2256 ||| READING scroll labelled ILOUQE WATH.
  2257 | D:3      | 2257 ||| READING scroll labelled XAMAWEZ JAOHU.
  2258 | D:3      | 2258 ||| READING 2 scrolls of identify.
  2258 | D:3      | 2258 ||| IDENTIFYING bubbling inky potion
  2259 | D:3      | 2259 ||| DROPPING potion of degeneration.
  2281 | D:4      | Reached skill level 6 in Axes
  2281 | D:4      | 2281 ||| STAIRDANCE
  2324 | D:4      | Found an opulent altar of Gozag.
  2365 | D:4      | 2365 ||| Stepping ~*~*~tactically~*~*~ (stealth).
  2369 | D:4      | 2369 ||| Stepping ~*~*~tactically~*~*~ (hiding).
  2371 | D:4      | 2371 ||| Stepping ~*~*~tactically~*~*~ (hiding).
  2372 | D:4      | 2372 ||| FLEEEEING.
  2596 | D:4      | 2596 ||| READING scroll of enchant weapon.
  2596 | D:4      | 2596 ||| ENCHANTING +2 war axe of flaming.
  2614 | D:4      | Noticed Sigmund
  2615 | D:4      | 2615 ||| FLEEEEING.
  2632 | D:4      | HP: 5/30 [something (10)]
  2634 | D:4      | Slain by Sigmund

Levels and vault maps discovered:
D:1:      saegor_arrival_simple_e, layout_basic,
          shapermc_ecumenical_altar_mp_vishouse
D:2:      layout_rooms, uniq_robin, uniq_terence
D:3:      layout_rooms, minivault_14
D:4:      layout_basic, mainiacjoe_overflow_concentric_impassable, uniq_sigmund

Skill      XL: |  1  2  3  4  5 |
---------------+----------------+-----
Axes           | 4 5 6 |  6.4
Fighting       | |  2.0
Throwing       | |  1.0
Armour         | |  1.1
Dodging        | |  2.1
Spellcasting   | |  2.0
Translocations | |  2.4

Action                   |  1- 3 |  4- 6 || total
-------------------------+-------+-------++-------
Melee: Hand axe          |    22 |       ||    22
       Kick              |    16 |    14 ||    30
       Peck              |     7 |     8 ||    15
       War axe           |    27 |    61 ||    88
Throw: Boomerang         |    26 |     7 ||    33
  Use: Scroll            |     2 |     7 ||     9
       Potion            |       |     1 ||     1
Armor: Leather armour    |     6 |       ||     6
       Ring mail         |     8 |     5 ||    13
       Scale mail        |       |    10 ||    10
Dodge: Dodged            |    38 |    27 ||    65

Table legend:
 A = Non-vault XP
 B = Vault XP
 C = Vault XP percentage of total XP
 D = Non-vault monster count
 E = Vault monster count
 F = Vault count percentage of total count
                 A         B        C        D         E       F
            +---------+---------+-------+---------+---------+-------
      Total |     212 |      72 |  25.4 |      54 |      13 |  19.4
            +---------+---------+-------+---------+---------+-------
        D:1 |      31 |       0 |   0.0 |      20 |       0 |   0.0
        D:2 |      65 |      72 |  52.6 |      17 |      13 |  43.3
        D:3 |      23 |       0 |   0.0 |      11 |       0 |   0.0
        D:4 |      93 |       0 |   0.0 |       6 |       0 |   0.0
            +---------+---------+-------+---------+---------+-------
